General information
			
			
        
        - name: BNet
 
        - type: Ladder team game (AT/RT)
 
        - host: Battle.net
 
        - saver: 647-869-9830
 
        
map: GolemsInTheMist 
        - players: 8
 
        - length: 79:16
 
        - speed: Fast
 - version: 1.22 W3XP
 - replay type:  Public
 
» download(440 KB)
Players
        team 1 (loser) 
              
              
AScottishHitman (
orange | 19 APM | 1482 actions | 79:16)
              
 4 Priestess of the Moon 
 1 Trueshot Aura
 2 Searing Arrows
 1 Scout
 
                » actions 
                
                | Assign group hotkey | 2 |  | 
| Basic commands | 124 |  | 
| Build / train | 88 |  | 
| Enter build submenu | 21 |  | 
| Enter hero's abilities submenu | 4 |  | 
| Remove unit from queue | 3 |  | 
| Right click | 708 |  | 
| Select / deselect | 445 |  | 
| Select group hotkey | 14 |  | 
| Use ability | 73 |  | 
                1482 total
 » units 
                
                | Wisp | 11 |  | 
| Archer | 6 |  | 
| Glaive Thrower | 3 |  | 
| Dryad | 16 |  | 
| Druid of the Talon | 5 |  | 
| Chimaera | 8 |  | 
| Troll Batrider | 18 |  | 
| Goblin Zeppelin | 1 |  | 
                68 total
 » upgrades
                
                | Vorpal Blades | 1 |  | 
| Druid of the Talon Training | 2 |  | 
| Corrosive Breath | 0 |  | 
| Strength of the Wild | 1 |  | 
| Reinforced Hides | 1 |  | 
| Abolish Magic | 1 |  | 
| Mark of the Talon | 1 |  | 
| Liquid Fire | 1 |  | 
| Ranged Weapons | 1 |  | 
| Armor | 1 |  | 
                10 total
 » buildings
                
                | Moon Well | 8 |  | 
| Altar of Elders | 2 |  | 
| Ancient of War | 1 |  | 
| Hunter's Hall | 1 |  | 
| Tree of Ages | 1 |  | 
| Ancient of Lore | 1 |  | 
| Tree of Eternity | 1 |  | 
| Ancient of Wind | 1 |  | 
| Chimaera Roost | 1 |  | 
| Tree of Life | 1 |  | 
| Beastiary | 2 |  | 
                20 total
 » build order
                00:26 Moon Well
00:42 Altar of Elders
00:54 Ancient of War
02:19 Moon Well
02:59 Hunter's Hall
03:23 Moon Well
04:25 Moon Well
04:29 Tree of Ages
05:55 Moon Well
07:17 Ancient of Lore
07:22 Tree of Eternity
09:36 Ancient of Wind
11:17 Chimaera Roost
13:41 Moon Well
19:05 Tree of Life
30:16 Altar of Elders
30:20 Moon Well
33:28 Moon Well
35:26 Beastiary
35:32 Beastiary
 
               
              
              
orcishzen (
pink | 28 APM | 726 actions | 25:59)
              
 5 Tauren Chieftain 
 3 Endurance Aura
 2 Shockwave
 
                » actions 
                
                | Assign group hotkey | 14 |  | 
| Basic commands | 93 |  | 
| Build / train | 38 |  | 
| Enter build submenu | 18 |  | 
| Enter hero's abilities submenu | 5 |  | 
| Give item / drop item | 1 |  | 
| Right click | 148 |  | 
| Select / deselect | 137 |  | 
| Select group hotkey | 247 |  | 
| Use ability | 25 |  | 
                726 total
 » units 
                
                | Peon | 7 |  | 
| Grunt | 4 |  | 
| Demolisher | 1 |  | 
| Shaman | 3 |  | 
| Tauren | 5 |  | 
| Goblin Shredder | 1 |  | 
                21 total
 » upgrades
                
                | Shaman Training | 2 |  | 
| Pulverize | 1 |  | 
| Armor | 1 |  | 
| Melee Weapons | 1 |  | 
                5 total
 » buildings
                
                | Altar of Storms | 1 |  | 
| Orc Burrow | 5 |  | 
| Voodoo Lounge | 1 |  | 
| Barracks | 2 |  | 
| War Mill | 1 |  | 
| Stronghold | 1 |  | 
| Watch Tower | 3 |  | 
| Fortress | 1 |  | 
| Spirit Lodge | 1 |  | 
| Tauren Totem | 2 |  | 
                18 total
 » build order
                00:10 Altar of Storms
00:25 Orc Burrow
00:41 Voodoo Lounge
01:30 Barracks
01:48 War Mill
02:04 Orc Burrow
04:22 Stronghold
04:26 Watch Tower
04:33 Watch Tower
05:27 Watch Tower
07:28 Barracks
07:37 Fortress
07:43 Spirit Lodge
08:12 Orc Burrow
08:49 Orc Burrow
10:16 Tauren Totem
14:26 Tauren Totem
14:37 Orc Burrow
» items
                
                | Healing Salve | 1 |  | 
| Orb of Lightning | 1 |  | 
| Potion of Healing | 2 |  | 
                4 total
  
               
              
              
647-869-9830 (
blue | 96 APM | 7628 actions | 79:16)
              
 4 Archmage 
 2 Blizzard
 2 Brilliance Aura
 4 Blood Mage 
 2 Flame Strike
 1 Banish
 1 Siphon Mana
 
                » actions 
                
                | Assign group hotkey | 17 |  | 
| Basic commands | 54 |  | 
| Build / train | 123 |  | 
| Enter build submenu | 66 |  | 
| Enter hero's abilities submenu | 8 |  | 
| Give item / drop item | 15 |  | 
| Remove unit from queue | 23 |  | 
| Right click | 5280 |  | 
| Select / deselect | 877 |  | 
| Select group hotkey | 719 |  | 
| Use ability | 445 |  | 
                7628 total
 » units 
                
                | Peasant | 16 |  | 
| Footman | 4 |  | 
| Goblin Shredder | 1 |  | 
| Goblin Zeppelin | 3 |  | 
| Dragonhawk Rider | 6 |  | 
| Raider | 1 |  | 
| Grunt | 1 |  | 
| Goblin Sapper | 4 |  | 
                36 total
 » upgrades
                
                | Masonry | 3 |  | 
| Lumber Harvesting | 2 |  | 
| Magic Sentry | 1 |  | 
| Cloud | 1 |  | 
| Swords | 1 |  | 
| Armor | 1 |  | 
| Priest Training | 1 |  | 
| Backpack | 1 |  | 
                11 total
 » buildings
                
                | Altar of Kings | 1 |  | 
| Farm | 6 |  | 
| Barracks | 1 |  | 
| Lumber Mill | 2 |  | 
| Scout Tower | 65 |  | 
| Arcane Tower | 2 |  | 
| Guard Tower | 36 |  | 
| Keep | 4 |  | 
| Blacksmith | 2 |  | 
| Castle | 1 |  | 
| Gryphon Aviary | 2 |  | 
| Town Hall | 2 |  | 
| Arcane Vault | 1 |  | 
| Arcane Sanctum | 1 |  | 
                126 total
 » build order
                00:14 Altar of Kings
00:19 Farm
00:26 Barracks
00:41 Farm
01:02 Lumber Mill
02:02 Farm
03:45 Scout Tower
03:46 Scout Tower
03:48 Scout Tower
03:49 Scout Tower
03:53 Scout Tower
04:17 Arcane Tower
04:17 Guard Tower
04:30 Guard Tower
04:55 Scout Tower
05:04 Guard Tower
05:44 Scout Tower
06:55 Arcane Tower
06:56 Guard Tower
06:58 Farm
07:23 Scout Tower
07:24 Scout Tower
07:27 Scout Tower
08:26 Guard Tower
08:27 Scout Tower
08:52 Guard Tower
09:01 Guard Tower
09:05 Scout Tower
09:06 Scout Tower
09:43 Guard Tower
09:45 Scout Tower
09:45 Scout Tower
09:46 Scout Tower
09:46 Scout Tower
09:53 Keep
09:53 Keep
11:04 Scout Tower
11:06 Scout Tower
11:06 Scout Tower
11:07 Scout Tower
11:07 Scout Tower
11:31 Guard Tower
11:57 Guard Tower
12:14 Scout Tower
12:14 Scout Tower
12:15 Scout Tower
12:15 Scout Tower
12:16 Scout Tower
12:17 Scout Tower
12:17 Scout Tower
12:32 Blacksmith
12:37 Farm
13:33 Guard Tower
13:37 Guard Tower
14:08 Guard Tower
14:20 Guard Tower
14:23 Scout Tower
14:27 Blacksmith
15:58 Scout Tower
15:59 Scout Tower
15:59 Scout Tower
16:00 Scout Tower
16:00 Scout Tower
16:01 Scout Tower
16:01 Scout Tower
16:02 Scout Tower
16:03 Scout Tower
16:03 Scout Tower
16:27 Guard Tower
16:27 Guard Tower
16:27 Guard Tower
16:28 Guard Tower
16:29 Guard Tower
16:29 Guard Tower
16:30 Guard Tower
16:31 Guard Tower
16:50 Castle
16:56 Guard Tower
16:57 Gryphon Aviary
17:01 Gryphon Aviary
17:06 Guard Tower
17:42 Town Hall
17:44 Guard Tower
17:51 Scout Tower
17:52 Scout Tower
17:52 Scout Tower
17:52 Scout Tower
17:53 Scout Tower
17:53 Scout Tower
17:53 Scout Tower
18:37 Arcane Vault
18:46 Guard Tower
19:51 Keep
19:52 Keep
20:14 Arcane Sanctum
21:01 Scout Tower
21:09 Guard Tower
21:13 Farm
23:16 Castle
23:19 Scout Tower
23:19 Scout Tower
23:20 Scout Tower
24:11 Scout Tower
24:12 Scout Tower
24:12 Scout Tower
24:13 Scout Tower
24:14 Scout Tower
25:36 Guard Tower
25:46 Guard Tower
25:54 Town Hall
26:45 Guard Tower
26:48 Scout Tower
26:48 Scout Tower
26:49 Scout Tower
26:58 Guard Tower
27:35 Guard Tower
28:22 Guard Tower
28:50 Scout Tower
28:50 Scout Tower
28:51 Scout Tower
28:51 Scout Tower
29:40 Scout Tower
29:45 Guard Tower
30:28 Lumber Mill
30:32 Guard Tower
31:29 Guard Tower
» items
                
                | Lesser Clarity Potion | 1 |  | 
| Staff of Sanctuary | 2 |  | 
| Orb of Lightning | 3 |  | 
| Tiny Great Hall | 1 |  | 
| Potion of Mana | 9 |  | 
                16 total
  
               
              
              
xX_BeaR_FaN_Xx (
red | 30 APM | 2344 actions | 79:16)
              
 6 Mountain King 
 3 Storm Bolt
 3 Bash
 
                » actions 
                
                | Assign group hotkey | 7 |  | 
| Basic commands | 142 |  | 
| Build / train | 116 |  | 
| ESC pressed | 4 |  | 
| Enter build submenu | 72 |  | 
| Enter hero's abilities submenu | 6 |  | 
| Give item / drop item | 6 |  | 
| Right click | 999 |  | 
| Select / deselect | 578 |  | 
| Select group hotkey | 223 |  | 
| Use ability | 191 |  | 
                2344 total
 » units 
                
                | Peasant | 23 |  | 
| Goblin Shredder | 1 |  | 
| Goblin Zeppelin | 2 |  | 
| Flying Machine | 18 |  | 
                44 total
 » upgrades
                
                | Masonry | 3 |  | 
| Magic Sentry | 1 |  | 
| Lumber Harvesting | 2 |  | 
| Gunpowder | 3 |  | 
| Flak Cannons | 1 |  | 
| Flying Machine Bombs | 1 |  | 
| Armor | 1 |  | 
| Plating | 3 |  | 
| Fragmentation Shards | 1 |  | 
| Flare | 1 |  | 
| Barrage | 1 |  | 
| Sorceress Training | 1 |  | 
| Priest Training | 1 |  | 
| Control Magic | 1 |  | 
| Backpack | 1 |  | 
                22 total
 » buildings
                
                | Altar of Kings | 2 |  | 
| Farm | 7 |  | 
| Lumber Mill | 2 |  | 
| Arcane Vault | 2 |  | 
| Keep | 1 |  | 
| Scout Tower | 51 |  | 
| Arcane Tower | 1 |  | 
| Guard Tower | 21 |  | 
| Arcane Sanctum | 1 |  | 
| Castle | 1 |  | 
| Blacksmith | 1 |  | 
| Workshop | 2 |  | 
| Barracks | 1 |  | 
                93 total
 » build order
                00:08 Altar of Kings
00:13 Farm
00:23 Lumber Mill
01:39 Farm
02:14 Arcane Vault
04:24 Keep
04:45 Scout Tower
04:47 Scout Tower
04:48 Scout Tower
04:51 Scout Tower
05:22 Farm
05:29 Arcane Tower
05:29 Guard Tower
05:51 Scout Tower
05:54 Scout Tower
05:57 Scout Tower
06:19 Guard Tower
07:07 Scout Tower
07:08 Scout Tower
07:09 Scout Tower
07:30 Scout Tower
07:31 Scout Tower
07:32 Scout Tower
07:34 Scout Tower
07:39 Guard Tower
07:41 Scout Tower
07:42 Scout Tower
07:44 Scout Tower
07:54 Arcane Sanctum
07:59 Guard Tower
08:01 Guard Tower
08:04 Guard Tower
08:08 Scout Tower
08:08 Scout Tower
08:10 Scout Tower
08:11 Scout Tower
08:31 Guard Tower
08:46 Guard Tower
09:04 Guard Tower
09:48 Castle
09:50 Scout Tower
09:52 Scout Tower
10:40 Scout Tower
10:41 Scout Tower
10:42 Scout Tower
11:00 Scout Tower
11:00 Scout Tower
11:02 Scout Tower
11:05 Scout Tower
11:24 Guard Tower
11:29 Guard Tower
11:34 Scout Tower
11:37 Scout Tower
11:38 Scout Tower
11:42 Scout Tower
12:01 Arcane Vault
12:08 Guard Tower
12:09 Guard Tower
12:15 Guard Tower
12:40 Scout Tower
12:40 Scout Tower
12:41 Scout Tower
12:42 Scout Tower
12:55 Scout Tower
12:56 Scout Tower
12:58 Scout Tower
12:58 Scout Tower
13:31 Altar of Kings
13:33 Guard Tower
13:45 Guard Tower
14:48 Farm
14:49 Farm
14:50 Farm
14:51 Farm
15:50 Guard Tower
15:57 Blacksmith
16:54 Workshop
16:57 Workshop
17:18 Barracks
19:42 Scout Tower
19:43 Scout Tower
19:47 Scout Tower
19:53 Scout Tower
19:54 Scout Tower
20:32 Guard Tower
20:34 Scout Tower
20:36 Scout Tower
20:38 Scout Tower
21:08 Guard Tower
21:14 Scout Tower
21:32 Guard Tower
21:54 Guard Tower
35:25 Lumber Mill
» items
                
                | Scroll of Regeneration | 6 |  | 
| Lesser Clarity Potion | 5 |  | 
| Orb of Fire | 5 |  | 
| Scroll of Town Portal | 1 |  | 
                17 total
  
               team 2 (winner) 
              
              
Rebeka (
purple | 11 APM | 911 actions | 79:16)
              
 2 Demon Hunter 
 1 Mana Burn
 1 Immolation
 2 Archmage 
 1 Brilliance Aura
 1 Blizzard
 1 Mountain King 
 1 Storm Bolt
 
                » actions 
                
                | Basic commands | 4 |  | 
| Build / train | 68 |  | 
| Enter build submenu | 17 |  | 
| Enter hero's abilities submenu | 4 |  | 
| Remove unit from queue | 7 |  | 
| Right click | 377 |  | 
| Select / deselect | 362 |  | 
| Use ability | 72 |  | 
                911 total
 » units 
                
                | Wisp | 16 |  | 
| Huntress | 11 |  | 
| Chimaera | 4 |  | 
| Druid of the Talon | 7 |  | 
| Hippogryph | 5 |  | 
                43 total
 » upgrades
                
                | Sentinel | 1 |  | 
| Upgrade Moon Glaive | 1 |  | 
| Corrosive Breath | 1 |  | 
| Druid of the Talon Training | 2 |  | 
| Reinforced Hides | 2 |  | 
| Strength of the Wild | 2 |  | 
| Well Spring | 1 |  | 
                10 total
 » buildings
                
                | Moon Well | 8 |  | 
| Altar of Elders | 1 |  | 
| Hunter's Hall | 1 |  | 
| Ancient of War | 1 |  | 
| Tree of Ages | 1 |  | 
| Tree of Eternity | 1 |  | 
| Ancient of Wind | 1 |  | 
| Chimaera Roost | 3 |  | 
                17 total
 » build order
                00:36 Moon Well
00:44 Altar of Elders
01:29 Moon Well
01:55 Hunter's Hall
02:13 Moon Well
02:29 Ancient of War
02:46 Moon Well
03:19 Tree of Ages
04:40 Moon Well
06:03 Tree of Eternity
08:37 Ancient of Wind
08:46 Moon Well
10:29 Chimaera Roost
10:30 Chimaera Roost
10:32 Chimaera Roost
13:02 Moon Well
14:02 Moon Well
 
               
              
              
» 
Blu-Shwade-Shus (
teal | 29 APM | 1889 actions | 65:59)
              
 4 Blademaster 
 1 Wind Walk
 2 Mirror Image
 1 Critical Strike
 1 Far Seer 
 1 Far Sight
 
                » actions 
                
                | Basic commands | 16 |  | 
| Build / train | 64 |  | 
| Enter build submenu | 27 |  | 
| Enter hero's abilities submenu | 5 |  | 
| Remove unit from queue | 3 |  | 
| Right click | 1270 |  | 
| Select / deselect | 446 |  | 
| Use ability | 58 |  | 
                1889 total
 » units 
                
                | Peon | 9 |  | 
| Grunt | 6 |  | 
| Troll Headhunter/Berserker | 1 |  | 
| Kodo Beast | 2 |  | 
| Wind Rider | 6 |  | 
| Goblin Shredder | 1 |  | 
| Tauren | 7 |  | 
| Shaman | 1 |  | 
| Troll Witch Doctor | 1 |  | 
| Demolisher | 3 |  | 
                37 total
 » upgrades
                
                | War Drums Damage Increase | 1 |  | 
| Burning Oil | 1 |  | 
| Berserker Upgrade | 1 |  | 
| Witch Doctor Training | 2 |  | 
| Pulverize | 1 |  | 
| Melee Weapons | 2 |  | 
| Armor | 2 |  | 
| Shaman Training | 1 |  | 
| Envenomed Spears | 1 |  | 
| Ranged Weapons | 1 |  | 
| Spiked Barricades | 1 |  | 
| Reinforced Defenses | 1 |  | 
                15 total
 » buildings
                
                | Orc Burrow | 8 |  | 
| Barracks | 1 |  | 
| Altar of Storms | 1 |  | 
| War Mill | 1 |  | 
| Stronghold | 1 |  | 
| Watch Tower | 4 |  | 
| Fortress | 1 |  | 
| Beastiary | 1 |  | 
| Spirit Lodge | 1 |  | 
| Tauren Totem | 1 |  | 
                20 total
 » build order
                01:09 Orc Burrow
01:23 Barracks
01:55 Altar of Storms
02:06 Orc Burrow
02:42 War Mill
03:33 Orc Burrow
04:57 Stronghold
06:50 Watch Tower
07:16 Watch Tower
07:31 Fortress
07:37 Beastiary
08:22 Watch Tower
08:45 Spirit Lodge
09:26 Orc Burrow
09:32 Watch Tower
11:20 Tauren Totem
17:56 Orc Burrow
18:02 Orc Burrow
18:56 Orc Burrow
18:58 Orc Burrow
 
               
              
              
BearLand (
yellow | 59 APM | 4579 actions | 77:45)
              
 2 Mountain King 
 1 Storm Bolt
 1 Bash
 1 Archmage 
 1 Summon Water Elemental
 1 Blood Mage 
 1 Flame Strike
 
                » actions 
                
                | Assign group hotkey | 422 |  | 
| Basic commands | 105 |  | 
| Build / train | 239 |  | 
| ESC pressed | 2 |  | 
| Enter build submenu | 133 |  | 
| Enter hero's abilities submenu | 5 |  | 
| Give item / drop item | 1 |  | 
| Remove unit from queue | 18 |  | 
| Right click | 2025 |  | 
| Select / deselect | 1136 |  | 
| Select group hotkey | 153 |  | 
| Use ability | 339 |  | 
                4579 total
 » units 
                
                | Peasant | 30 |  | 
| Goblin Zeppelin | 3 |  | 
| Mortar Team | 1 |  | 
| Goblin Shredder | 4 |  | 
| Goblin Sapper | 13 |  | 
                51 total
 » upgrades
                
                | Masonry | 3 |  | 
| Lumber Harvesting | 2 |  | 
| Magic Sentry | 1 |  | 
                6 total
 » buildings
                
                | Altar of Kings | 3 |  | 
| Farm | 12 |  | 
| Lumber Mill | 1 |  | 
| Scout Tower | 101 |  | 
| Arcane Tower | 4 |  | 
| Guard Tower | 99 |  | 
| Keep | 3 |  | 
| Castle | 4 |  | 
| Barracks | 1 |  | 
| Town Hall | 2 |  | 
| Blacksmith | 2 |  | 
| Gryphon Aviary | 1 |  | 
| Workshop | 1 |  | 
| Arcane Sanctum | 1 |  | 
| Arcane Vault | 1 |  | 
| Cannon Tower | 35 |  | 
                271 total
 » build order
                00:04 Altar of Kings
00:21 Farm
00:58 Lumber Mill
02:34 Farm
02:56 Scout Tower
02:56 Scout Tower
03:12 Scout Tower
03:13 Scout Tower
03:17 Scout Tower
03:18 Scout Tower
03:46 Arcane Tower
03:47 Guard Tower
03:48 Guard Tower
03:48 Scout Tower
03:49 Scout Tower
03:50 Arcane Tower
03:51 Arcane Tower
03:51 Arcane Tower
04:16 Guard Tower
04:16 Guard Tower
04:16 Guard Tower
04:17 Scout Tower
04:18 Scout Tower
04:26 Scout Tower
04:27 Guard Tower
04:28 Guard Tower
04:29 Scout Tower
04:29 Scout Tower
04:31 Scout Tower
04:36 Farm
04:56 Guard Tower
04:57 Guard Tower
04:58 Scout Tower
04:59 Scout Tower
05:11 Guard Tower
05:11 Guard Tower
05:12 Guard Tower
05:22 Guard Tower
05:23 Guard Tower
05:23 Guard Tower
05:23 Guard Tower
05:26 Guard Tower
05:27 Guard Tower
05:27 Guard Tower
06:11 Scout Tower
06:12 Scout Tower
06:14 Scout Tower
06:37 Guard Tower
06:38 Scout Tower
06:38 Scout Tower
06:49 Guard Tower
06:49 Guard Tower
06:50 Guard Tower
06:56 Scout Tower
06:56 Scout Tower
06:59 Scout Tower
07:30 Guard Tower
07:31 Guard Tower
07:32 Guard Tower
07:33 Guard Tower
07:57 Scout Tower
07:59 Scout Tower
08:38 Guard Tower
08:39 Guard Tower
08:56 Scout Tower
08:56 Scout Tower
08:59 Guard Tower
09:01 Scout Tower
09:02 Scout Tower
09:59 Guard Tower
09:59 Guard Tower
09:59 Guard Tower
10:09 Guard Tower
10:09 Guard Tower
10:14 Keep
10:19 Scout Tower
10:19 Scout Tower
11:10 Guard Tower
11:12 Scout Tower
11:13 Scout Tower
11:38 Scout Tower
11:38 Scout Tower
11:39 Scout Tower
11:53 Guard Tower
11:53 Guard Tower
12:13 Scout Tower
12:15 Scout Tower
12:22 Guard Tower
12:23 Guard Tower
12:23 Scout Tower
12:24 Scout Tower
12:25 Scout Tower
12:25 Scout Tower
12:30 Scout Tower
12:31 Scout Tower
12:32 Scout Tower
12:33 Scout Tower
12:45 Farm
12:45 Farm
12:58 Guard Tower
12:58 Guard Tower
12:58 Guard Tower
13:08 Castle
13:08 Castle
13:10 Guard Tower
13:41 Barracks
14:12 Guard Tower
14:12 Guard Tower
14:14 Scout Tower
14:16 Scout Tower
14:17 Scout Tower
14:18 Scout Tower
14:19 Scout Tower
14:20 Scout Tower
14:21 Scout Tower
15:11 Town Hall
15:52 Blacksmith
15:54 Blacksmith
16:26 Guard Tower
16:27 Guard Tower
16:27 Guard Tower
16:47 Scout Tower
16:48 Scout Tower
16:48 Scout Tower
16:52 Scout Tower
17:36 Gryphon Aviary
17:47 Guard Tower
17:47 Guard Tower
17:49 Scout Tower
17:50 Scout Tower
17:50 Scout Tower
18:38 Guard Tower
18:38 Guard Tower
20:23 Scout Tower
20:24 Scout Tower
20:25 Scout Tower
20:25 Scout Tower
20:26 Scout Tower
20:26 Scout Tower
20:27 Scout Tower
20:27 Scout Tower
20:27 Scout Tower
20:28 Scout Tower
20:29 Scout Tower
20:29 Scout Tower
21:04 Guard Tower
21:04 Guard Tower
21:04 Guard Tower
21:27 Guard Tower
21:30 Scout Tower
21:31 Scout Tower
23:18 Workshop
23:47 Town Hall
25:35 Scout Tower
25:36 Scout Tower
25:38 Scout Tower
25:38 Scout Tower
25:39 Scout Tower
25:42 Scout Tower
25:42 Scout Tower
25:43 Scout Tower
25:44 Scout Tower
26:06 Guard Tower
26:07 Guard Tower
26:08 Guard Tower
26:08 Guard Tower
26:08 Guard Tower
26:08 Guard Tower
26:09 Guard Tower
26:09 Guard Tower
26:20 Guard Tower
26:20 Guard Tower
26:32 Guard Tower
26:32 Guard Tower
26:33 Guard Tower
26:34 Guard Tower
26:34 Guard Tower
26:34 Guard Tower
26:43 Farm
26:48 Guard Tower
27:12 Scout Tower
27:41 Farm
27:41 Farm
28:11 Arcane Sanctum
30:35 Keep
31:49 Arcane Vault
32:53 Farm
32:54 Farm
33:03 Castle
33:03 Castle
34:48 Altar of Kings
34:54 Altar of Kings
52:18 Farm
52:19 Farm
55:58 Scout Tower
55:59 Scout Tower
56:00 Scout Tower
56:00 Scout Tower
56:03 Scout Tower
56:26 Arcane Tower
56:28 Cannon Tower
56:28 Cannon Tower
56:28 Cannon Tower
56:29 Cannon Tower
56:29 Cannon Tower
56:29 Cannon Tower
56:29 Cannon Tower
56:33 Cannon Tower
56:33 Cannon Tower
56:34 Cannon Tower
57:20 Scout Tower
57:20 Scout Tower
57:21 Scout Tower
57:22 Scout Tower
57:22 Scout Tower
57:23 Scout Tower
57:23 Scout Tower
58:17 Cannon Tower
58:35 Cannon Tower
58:38 Scout Tower
58:40 Scout Tower
58:46 Cannon Tower
58:46 Cannon Tower
58:46 Cannon Tower
58:48 Cannon Tower
58:49 Cannon Tower
59:05 Scout Tower
59:10 Scout Tower
59:18 Cannon Tower
59:19 Cannon Tower
59:30 Cannon Tower
59:30 Cannon Tower
59:30 Cannon Tower
59:40 Cannon Tower
59:40 Cannon Tower
64:22 Cannon Tower
» items
                
                | Scroll of Regeneration | 1 |  | 
| Potion of Healing | 1 |  | 
                2 total
  
               
              
              
Ear_Band (
green | 70 APM | 5584 actions | 79:16)
              
 3 Archmage 
 1 Blizzard
 2 Brilliance Aura
 6 Mountain King 
 3 Storm Bolt
 2 Bash
 1 Avatar
 3 Paladin 
 2 Holy Light
 1 Divine Shield
 
                » actions 
                
                | Assign group hotkey | 30 |  | 
| Basic commands | 227 |  | 
| Build / train | 251 |  | 
| ESC pressed | 5 |  | 
| Enter build submenu | 89 |  | 
| Enter hero's abilities submenu | 12 |  | 
| Give item / drop item | 2 |  | 
| Right click | 2034 |  | 
| Select / deselect | 1245 |  | 
| Select group hotkey | 1298 |  | 
| Use ability | 383 |  | 
                5584 total
 » units 
                
                | Peasant | 18 |  | 
| Footman | 14 |  | 
| Goblin Zeppelin | 2 |  | 
| Goblin Shredder | 11 |  | 
| Flying Machine | 65 |  | 
                110 total
 » upgrades
                
                | Masonry | 3 |  | 
| Defend | 1 |  | 
| Lumber Harvesting | 2 |  | 
| Swords | 3 |  | 
| Plating | 4 |  | 
| Animal War Training | 1 |  | 
| Magic Sentry | 1 |  | 
| Flak Cannons | 1 |  | 
| Barrage | 1 |  | 
| Flying Machine Bombs | 1 |  | 
| Gunpowder | 3 |  | 
| Flare | 1 |  | 
| Fragmentation Shards | 1 |  | 
| Sorceress Training | 2 |  | 
| Priest Training | 2 |  | 
| Control Magic | 1 |  | 
| Long Rifles | 1 |  | 
| Backpack | 1 |  | 
| Armor | 3 |  | 
| Cloud | 1 |  | 
| Storm Hammers | 1 |  | 
                35 total
 » buildings
                
                | Altar of Kings | 1 |  | 
| Farm | 174 |  | 
| Lumber Mill | 4 |  | 
| Barracks | 2 |  | 
| Scout Tower | 60 |  | 
| Guard Tower | 46 |  | 
| Keep | 3 |  | 
| Arcane Vault | 1 |  | 
| Castle | 2 |  | 
| Town Hall | 4 |  | 
| Blacksmith | 2 |  | 
| Workshop | 11 |  | 
| Arcane Tower | 9 |  | 
| Arcane Sanctum | 2 |  | 
| Cannon Tower | 4 |  | 
| Gryphon Aviary | 2 |  | 
                327 total
 » build order
                00:08 Altar of Kings
00:12 Farm
00:24 Lumber Mill
00:50 Farm
01:30 Barracks
01:49 Farm
03:11 Scout Tower
03:13 Scout Tower
03:14 Scout Tower
03:15 Scout Tower
03:17 Scout Tower
03:20 Scout Tower
03:20 Scout Tower
03:21 Scout Tower
03:24 Scout Tower
03:27 Scout Tower
03:29 Scout Tower
03:30 Scout Tower
03:49 Guard Tower
03:50 Guard Tower
03:50 Guard Tower
04:11 Guard Tower
04:12 Guard Tower
04:31 Guard Tower
04:31 Guard Tower
04:32 Guard Tower
04:40 Guard Tower
04:40 Guard Tower
04:50 Guard Tower
04:50 Guard Tower
04:50 Guard Tower
05:01 Farm
05:07 Guard Tower
05:07 Guard Tower
05:07 Guard Tower
05:39 Guard Tower
05:39 Guard Tower
05:43 Scout Tower
05:57 Lumber Mill
06:35 Keep
07:00 Guard Tower
07:02 Guard Tower
07:12 Farm
07:36 Barracks
08:52 Arcane Vault
09:46 Castle
09:51 Scout Tower
09:52 Scout Tower
09:57 Scout Tower
10:21 Town Hall
11:15 Guard Tower
11:15 Guard Tower
11:19 Scout Tower
11:20 Scout Tower
11:42 Scout Tower
11:45 Guard Tower
11:45 Guard Tower
11:46 Guard Tower
12:13 Blacksmith
12:15 Blacksmith
12:17 Guard Tower
12:17 Guard Tower
14:14 Scout Tower
14:15 Scout Tower
14:17 Scout Tower
14:19 Scout Tower
14:25 Town Hall
14:45 Town Hall
15:03 Guard Tower
15:03 Guard Tower
16:20 Scout Tower
16:21 Scout Tower
16:40 Scout Tower
16:40 Scout Tower
16:41 Scout Tower
16:41 Scout Tower
16:42 Scout Tower
16:58 Workshop
17:00 Workshop
17:02 Workshop
17:04 Workshop
17:14 Guard Tower
17:15 Guard Tower
18:02 Lumber Mill
18:10 Arcane Tower
18:16 Arcane Sanctum
18:18 Arcane Sanctum
20:00 Arcane Tower
20:03 Scout Tower
20:04 Scout Tower
20:04 Scout Tower
20:05 Scout Tower
20:05 Scout Tower
20:06 Scout Tower
20:07 Scout Tower
20:07 Scout Tower
20:08 Scout Tower
20:09 Scout Tower
20:09 Scout Tower
20:10 Scout Tower
20:12 Scout Tower
21:07 Scout Tower
21:08 Scout Tower
21:09 Scout Tower
21:16 Scout Tower
21:20 Guard Tower
21:20 Guard Tower
21:22 Arcane Tower
21:22 Arcane Tower
21:23 Arcane Tower
21:28 Scout Tower
21:39 Guard Tower
21:40 Guard Tower
21:44 Guard Tower
21:45 Guard Tower
21:46 Guard Tower
21:46 Guard Tower
21:47 Guard Tower
22:37 Guard Tower
22:38 Guard Tower
23:06 Arcane Tower
23:06 Arcane Tower
24:01 Town Hall
26:27 Arcane Tower
26:27 Arcane Tower
28:26 Farm
28:27 Farm
28:28 Farm
28:28 Farm
28:29 Farm
28:29 Farm
28:30 Farm
28:31 Farm
28:32 Farm
28:33 Farm
30:42 Gryphon Aviary
30:44 Gryphon Aviary
31:26 Keep
31:30 Keep
31:35 Farm
31:35 Farm
31:36 Farm
31:37 Farm
31:37 Farm
31:39 Farm
31:39 Farm
31:40 Farm
31:41 Farm
31:43 Farm
31:44 Farm
31:45 Farm
31:46 Farm
31:47 Farm
31:49 Farm
31:50 Farm
37:42 Farm
37:42 Farm
37:43 Farm
37:44 Farm
37:45 Farm
37:46 Farm
37:46 Farm
37:48 Farm
37:49 Farm
37:50 Farm
37:52 Farm
37:52 Farm
37:54 Farm
37:55 Farm
37:56 Farm
37:57 Farm
37:58 Farm
37:59 Farm
38:00 Farm
38:00 Farm
38:02 Farm
38:03 Farm
38:04 Farm
38:05 Farm
38:06 Farm
38:07 Farm
38:09 Farm
38:10 Farm
38:12 Farm
38:12 Farm
38:13 Farm
38:14 Farm
38:15 Farm
38:16 Farm
38:17 Farm
38:18 Farm
38:18 Farm
38:19 Farm
38:20 Farm
38:20 Farm
38:21 Farm
38:23 Farm
38:23 Farm
38:24 Farm
38:25 Farm
38:26 Farm
38:27 Farm
38:28 Farm
38:28 Farm
38:29 Farm
38:30 Farm
38:31 Farm
38:33 Farm
38:34 Farm
38:35 Farm
38:36 Farm
38:37 Farm
38:38 Farm
38:38 Farm
38:39 Farm
38:41 Farm
41:23 Farm
41:23 Farm
41:26 Farm
41:27 Farm
42:14 Farm
42:15 Farm
42:18 Farm
42:18 Farm
42:19 Farm
42:20 Farm
42:22 Farm
42:22 Farm
43:43 Farm
43:45 Farm
43:46 Farm
43:51 Farm
43:52 Farm
43:53 Farm
46:21 Farm
46:21 Farm
46:22 Farm
46:23 Farm
46:23 Farm
46:25 Farm
46:26 Farm
46:27 Farm
46:29 Farm
46:30 Farm
46:31 Farm
47:10 Farm
47:11 Farm
47:12 Farm
47:13 Farm
47:14 Farm
47:15 Farm
47:16 Farm
47:18 Farm
47:18 Farm
47:20 Farm
47:21 Farm
47:22 Farm
47:23 Farm
47:25 Farm
47:26 Farm
47:27 Farm
47:27 Farm
49:56 Scout Tower
50:10 Lumber Mill
51:22 Cannon Tower
51:25 Scout Tower
51:28 Scout Tower
51:40 Scout Tower
52:27 Cannon Tower
52:30 Scout Tower
52:33 Scout Tower
52:36 Scout Tower
53:07 Cannon Tower
53:18 Scout Tower
53:20 Scout Tower
53:20 Scout Tower
53:21 Scout Tower
53:21 Scout Tower
53:39 Farm
53:40 Farm
53:43 Farm
53:44 Farm
53:46 Farm
53:47 Farm
53:48 Farm
53:49 Farm
53:50 Farm
57:51 Farm
57:52 Farm
57:53 Farm
57:54 Farm
57:54 Farm
57:55 Farm
57:56 Farm
58:19 Farm
58:20 Farm
58:24 Farm
58:26 Farm
58:27 Farm
58:28 Farm
58:35 Farm
58:35 Farm
61:25 Farm
61:26 Farm
61:27 Farm
61:27 Farm
61:28 Farm
61:29 Farm
61:30 Farm
61:31 Farm
61:32 Farm
61:32 Farm
61:34 Farm
61:36 Farm
63:14 Workshop
63:15 Workshop
63:16 Workshop
63:18 Workshop
63:19 Workshop
63:21 Workshop
63:22 Workshop
» items
                
                | Scroll of Regeneration | 4 |  | 
| Orb of Fire | 7 |  | 
| Staff of Sanctuary | 3 |  | 
| Scroll of Town Portal | 2 |  | 
                16 total
  
                Chat log
          (00:57 / Allies) 647-869-9830: c&c
(01:03 / Allies) xX_BeaR_FaN_Xx: whats that?
(01:05 / Allies) orcishzen: we can
(01:08 / Allies) 647-869-9830: creep
(01:10 / Allies) 647-869-9830: and conquer
(01:21 / Allies) orcishzen: lol....crep and counter
(01:56 / Allies) orcishzen: tower a little oj
(03:27 / Allies) 647-869-9830: pink
(03:28 / Allies) 647-869-9830: dont
(03:28 / Allies) 647-869-9830: b
(03:29 / Allies) 647-869-9830: b
(03:29 / Allies) 647-869-9830: b
(03:29 / Allies) 647-869-9830: b
(03:30 / Allies) 647-869-9830: b
(03:30 / Allies) 647-869-9830: b
(03:33 / Allies) 647-869-9830: b
(03:34 / Allies) 647-869-9830: b
(03:34 / Allies) 647-869-9830: b
(03:34 / Allies) 647-869-9830: b
(03:34 / Allies) 647-869-9830: b
(03:35 / Allies) 647-869-9830: b
(03:35 / Allies) 647-869-9830: b
(03:35 / Allies) 647-869-9830: b
(03:36 / Allies) 647-869-9830: b
(03:36 / Allies) 647-869-9830: b
(03:36 / Allies) 647-869-9830: b
(03:37 / Allies) 647-869-9830: b
(03:37 / Allies) 647-869-9830: b
(03:38 / Allies) 647-869-9830: b
(04:18 / Allies) orcishzen: wtf
(05:41 / Allies) orcishzen: cute get siege guys
(10:52 / Allies) orcishzen: killing my grunts
(13:51 / Allies) orcishzen: b
(13:52 / Allies) orcishzen: b
(13:55 / Allies) AScottishHitman: purple as chims
(14:04 / Allies) orcishzen: pump dryiads
(14:07 / Allies) xX_BeaR_FaN_Xx: purple ass chims?
(14:10 / Allies) AScottishHitman: has
(14:24 / Allies) xX_BeaR_FaN_Xx: oh
(15:35 / Allies) AScottishHitman: help
(15:41 / Allies) xX_BeaR_FaN_Xx: ok
(15:49 / Allies) orcishzen: dryaids counter chims
(16:29 / Allies) orcishzen: wtf
(16:42 / Allies) AScottishHitman: red
(16:44 / Allies) AScottishHitman: wtf
(16:57 / Allies) AScottishHitman: wtf
(19:17 / Allies) AScottishHitman: RED
(19:18 / Allies) AScottishHitman: WTF
(19:25 / Allies) 647-869-9830: orange
(19:27 / Allies) 647-869-9830: thats his mine
(19:28 / Allies) 647-869-9830: you get this
(19:32 / Allies) AScottishHitman: no it aint
(19:37 / Allies) AScottishHitman: ummm okay fuck that
(19:41 / Allies) AScottishHitman: i cleared this mine
(19:44 / Allies) AScottishHitman: and creped it
(19:58 / Allies) 647-869-9830: orange
(20:00 / Allies) 647-869-9830: please stop backstabbing
(20:01 / Allies) xX_BeaR_FaN_Xx: I'm guarding your shit
(20:02 / Allies) 647-869-9830: calm both of you
(20:11 / Allies) AScottishHitman: I CREEPED THIS 
(20:16 / Allies) AScottishHitman: AND CLEARED THE WOODS
(20:19 / Allies) orcishzen: oj get chims
(20:24 / Allies) 647-869-9830: orange get chims
(20:26 / Allies) 647-869-9830: and take this
(20:34 / Allies) AScottishHitman: red can take that
(20:39 / Allies) 647-869-9830: nah he gets that one
(20:40 / Allies) AScottishHitman: red i swar
(20:42 / Allies) 647-869-9830: sorry thats the rules
(20:49 / Allies) AScottishHitman: thats the rules?
(20:56 / Allies) 647-869-9830: you ever read the 4v4 rules site?
(21:16 / Allies) AScottishHitman: too late
(21:27 / All) orcishzen: by far the lamest game of 4 on 4
(21:33 / Allies) AScottishHitman: my mine is developed
(23:00 / All) 647-869-9830: stay out
(23:10 / Allies) AScottishHitman: red
(23:16 / Allies) xX_BeaR_FaN_Xx: you deserve it fag
(24:10 / Allies) AScottishHitman: i dont deserve it
(24:13 / Allies) AScottishHitman: u do
(24:14 / All) 647-869-9830: hey
(24:17 / All) 647-869-9830: where u guys all from?
(24:38 / Allies) xX_BeaR_FaN_Xx: mine isn't so developed now is it fag
(24:40 / Allies) orcishzen: oj let me control chims
(24:49 / Allies) orcishzen: so gay a game
(25:19 / Allies) AScottishHitman: hmmm idk
(25:22 / Allies) orcishzen: red u got 2 computers and on both teams??
(25:26 / Allies) xX_BeaR_FaN_Xx: ni
(25:28 / Allies) xX_BeaR_FaN_Xx: no
(25:37 / Allies) xX_BeaR_FaN_Xx: nice work orange
(25:40 / Allies) xX_BeaR_FaN_Xx: your base is gone
(25:44 / Allies) AScottishHitman: idc
(25:46 / Allies) orcishzen: ur aa
(25:47 / Allies) AScottishHitman: fuck it
(25:57 / Allies) AScottishHitman: red killed all my aa
(25:59 / Allies) AScottishHitman: :)
(26:12 / Allies) AScottishHitman: BUT I STILL HAVE MY MINE
(26:18 / Allies) 647-869-9830: maybe put wisp in it
(26:20 / Allies) 647-869-9830: retart
(26:27 / Allies) AScottishHitman: ty 
(28:33 / Allies) AScottishHitman: have fun with green towering ur ass red
(28:35 / Allies) AScottishHitman: :)
(28:39 / Allies) 647-869-9830: we good
(28:40 / Allies) 647-869-9830: we can win
(28:44 / Allies) 647-869-9830: i need this win
(28:51 / Allies) xX_BeaR_FaN_Xx: I will have fun now that you're out of this game
(28:52 / Allies) AScottishHitman: nahhh
(28:56 / Allies) AScottishHitman: :)
(30:18 / Allies) xX_BeaR_FaN_Xx: oh look your stupid mine
(30:31 / Allies) AScottishHitman: well as long as you cant have it im good
(31:55 / Allies) xX_BeaR_FaN_Xx: my mine is working fine
(32:04 / Allies) xX_BeaR_FaN_Xx: because I'm not a noob
(32:12 / Allies) AScottishHitman: ur a tk
(32:13 / Allies) xX_BeaR_FaN_Xx: try it sometime
(32:16 / Allies) AScottishHitman: thats pretty noob
(32:27 / Allies) AScottishHitman: why is yellow like this?
(32:40 / Allies) 647-869-9830: its the DMZ
(32:40 / Allies) xX_BeaR_FaN_Xx: he wants that gold
(32:42 / Allies) AScottishHitman: ohhhh and ummm
(32:48 / Allies) AScottishHitman: u are a noob
(32:52 / Allies) 647-869-9830: hmm huh
(32:53 / Allies) AScottishHitman: and blue is killing you
(33:06 / Allies) xX_BeaR_FaN_Xx: that's ok
(33:10 / Allies) xX_BeaR_FaN_Xx: blue is nice
(33:12 / Allies) xX_BeaR_FaN_Xx: he my friend
(36:09 / Allies) AScottishHitman: why dont you kill yellow blue?
(36:16 / Allies) 647-869-9830: we got a truce
(36:24 / Allies) AScottishHitman: no you dont
(36:30 / Allies) 647-869-9830: look @ this
(36:32 / All) 647-869-9830: thats a truce
(36:33 / Allies) AScottishHitman: this game is stupid and ridiculus
(36:35 / All) 647-869-9830: hey yellow truce?
(36:41 / All) BearLand: ofcourse
(36:44 / All) 647-869-9830: :)
(36:53 / All) 647-869-9830: teal biggest noob.....ever?
(37:02 / All) BearLand: yes
(37:07 / All) Blu-Shwade-Shus: i am actually
(37:50 / All) BearLand: teal this is the DMZ
(37:53 / All) BearLand: respect the rules
(37:54 / All) BearLand: or be kicked out
(40:27 / All) xX_BeaR_FaN_Xx: this is a fun game :)
(40:33 / All) xX_BeaR_FaN_Xx: good game :)
(40:36 / All) BearLand: i like how it's not so violent
(40:45 / All) Blu-Shwade-Shus: lol
(40:47 / All) xX_BeaR_FaN_Xx: just a peaceful game :)
(40:57 / All) BearLand: proof that we can set aside our differences
(40:58 / All) BearLand: and get along
(41:51 / All) BearLand: teal didnt sign the nap
(42:05 / All) 647-869-9830: the golem protocol
(43:00 / All) Blu-Shwade-Shus: GOT IT
(44:22 / All) Blu-Shwade-Shus: i just wanna see something actually happen
(44:30 / All) BearLand: we are going to live happily ever after
(44:34 / All) Blu-Shwade-Shus: u guys can kill my base if u want
(44:37 / All) Ear_Band: this is like
(44:39 / All) Ear_Band: real life
(44:43 / All) Ear_Band: cold war
(44:51 / All) Ear_Band: the real shit
(44:56 / All) Ear_Band: i got the great wall
(44:57 / Allies) AScottishHitman: WHAT THE HELLL
(45:01 / All) 647-869-9830: orange
(45:02 / Allies) AScottishHitman: RED YOU FUCKER
(45:03 / All) 647-869-9830: do not violate
(45:04 / All) BearLand: pink violated the nap.
(45:06 / All) 647-869-9830: the golems protocol
(45:15 / Allies) AScottishHitman: WHAT GOLEMS PROTOCOL
(45:19 / All) 647-869-9830: like kyoto protocol
(45:20 / Allies) xX_BeaR_FaN_Xx: what
(45:40 / Allies) AScottishHitman: THATS AN ENVIRONMENTAL AGREEMENT
(45:49 / Allies) AScottishHitman: THIS IS A GAME AND YOU WASTED PINKS ARMY
(45:52 / All) 647-869-9830: yes we ar eworking for a better environemnt
(46:38 / All) Blu-Shwade-Shus: lol thats like the cuban missile crisis
(46:53 / All) Ear_Band: EXACTLY
(47:24 / All) 647-869-9830: what a matter pink
(47:27 / All) 647-869-9830: can't clickfast?
(48:54 / Allies) xX_BeaR_FaN_Xx: orange where your hero go?>
(48:58 / Allies) xX_BeaR_FaN_Xx: we need help fighting them
(49:05 / Allies) AScottishHitman: fuck that
(49:07 / Allies) 647-869-9830: orange
(49:14 / Allies) 647-869-9830: you are clearly not understanding this game
(49:14 / Allies) AScottishHitman: what
(49:19 / Allies) AScottishHitman: clearly
(49:21 / Allies) 647-869-9830: if you can't read very well, call me
(49:22 / Allies) xX_BeaR_FaN_Xx: help your team, man
(49:24 / Allies) 647-869-9830: <-------
(49:31 / Allies) 647-869-9830: i will explain in either english, french, or spanish
(49:39 / Allies) AScottishHitman: french plz
(49:41 / Allies) 647-869-9830: ok
(49:42 / Allies) 647-869-9830: call
(50:12 / Allies) AScottishHitman: this is not golems protocol
(50:17 / Allies) AScottishHitman: ur crazy
(50:25 / Allies) AScottishHitman: and red has two accounts
(50:31 / Allies) 647-869-9830: actually it's all me
(50:35 / Allies) xX_BeaR_FaN_Xx: im not even playing this one
(50:36 / Allies) xX_BeaR_FaN_Xx: I'm eating
(50:42 / Allies) AScottishHitman: you have 17000 gold
(50:44 / Allies) 647-869-9830: check this
(50:45 / All) 647-869-9830: 1
(50:45 / Allies) AScottishHitman: i want some
(50:47 / All) BearLand: 2
(50:49 / All) Ear_Band: 3
(50:50 / All) xX_BeaR_FaN_Xx: 4
(50:53 / Allies) 647-869-9830: see
(50:55 / All) Blu-Shwade-Shus: 65
(50:57 / All) Blu-Shwade-Shus: 78
(50:58 / All) Blu-Shwade-Shus: 9
(51:04 / Allies) 647-869-9830: i got 4 comps running
(51:05 / Allies) xX_BeaR_FaN_Xx: I'm blue
(51:06 / Allies) xX_BeaR_FaN_Xx: not red
(51:08 / Allies) AScottishHitman: there is no point to playing
(51:08 / Allies) 647-869-9830: :)
(51:12 / Allies) xX_BeaR_FaN_Xx: :)
(51:15 / Allies) AScottishHitman: u are red
(51:19 / Allies) AScottishHitman: there is a red
(51:21 / All) Blu-Shwade-Shus: 3.14159265348979
(51:28 / Allies) 647-869-9830: tell me to say something on whisper to say on all accts at same time
(51:30 / Allies) 647-869-9830: i'll type it out
(51:32 / Allies) 647-869-9830: and press quad enter
(51:50 / 7) AScottishHitman: red blows
(52:09 / All) 647-869-9830: red blows
(52:10 / All) xX_BeaR_FaN_Xx: red blows
(52:11 / All) BearLand: red blows
(52:18 / 7) AScottishHitman: hreen said lol
(52:23 / Allies) 647-869-9830: yeah so
(52:30 / Allies) 647-869-9830: its me
(52:31 / Allies) 647-869-9830: all me
(52:49 / 7) AScottishHitman: then why ar you doing this?
(52:58 / Allies) 647-869-9830: to make noobs like you feel like ***
(53:10 / 7) AScottishHitman: im a higher level than you
(53:13 / 7) AScottishHitman: im no noob
(53:18 / 7) AScottishHitman: and purple isnt YOU!
(53:19 / Allies) 647-869-9830: well i owned you too bad
(53:23 / Allies) 647-869-9830: yeah purp isn't me
(53:28 / Allies) 647-869-9830: just yellow green red blue
(53:46 / 7) AScottishHitman: and i bet you killed purp
(54:58 / All) Blu-Shwade-Shus: plz just kill my base
(55:31 / 7) AScottishHitman: ur sick
(55:38 / All) 647-869-9830: U die now
(55:41 / All) 647-869-9830: delas
(56:14 / 7) AScottishHitman: so tell me the rules
(56:28 / Allies) 647-869-9830: the rules are OWNED!!!!! http://highper.ch/
(57:16 / 7) AScottishHitman: blue give me gold
(57:27 / Allies) 647-869-9830: why so i can kill your hero w/ green.?
(57:35 / 7) AScottishHitman: sure
(57:41 / Allies) 647-869-9830: Nope
(57:55 / 7) AScottishHitman: u have 17k
(58:00 / Allies) 647-869-9830: leave
(58:01 / Allies) 647-869-9830: leave
(58:01 / Allies) 647-869-9830: leave
(58:02 / Allies) 647-869-9830: leave
(58:03 / All) Blu-Shwade-Shus: yay
(58:18 / All) AScottishHitman: hello?
(58:33 / All) Ear_Band: stop talking you fucking noob
(58:41 / All) AScottishHitman: GREEN YOU ARENT REAL
(58:48 / Allies) 647-869-9830: yes i am
(58:48 / All) AScottishHitman: you fucking blue foggot
(58:50 / All) BearLand: me neither.
(59:02 / All) xX_BeaR_FaN_Xx: im not real
(59:08 / All) AScottishHitman: i know that
(59:19 / Allies) xX_BeaR_FaN_Xx: im a figment of your retardation
(59:51 / All) AScottishHitman: dont hunt mee down blue
(61:24 / All) AScottishHitman: u want me dead huh?
(61:28 / All) 647-869-9830: i kill you
(61:30 / All) 647-869-9830: then you l eave
(61:37 / All) AScottishHitman: and then what!?
(61:47 / All) AScottishHitman: purple
(61:50 / All) AScottishHitman: save me
(64:07 / All) AScottishHitman: u are a sick fool
(65:29 / All) AScottishHitman: blue
(65:33 / All) AScottishHitman: give me gold
(65:40 / All) BearLand: no
(65:40 / All) Ear_Band: NO
(65:41 / All) xX_BeaR_FaN_Xx: no
(65:46 / All) AScottishHitman: why
(65:48 / All) AScottishHitman: why 
(65:49 / All) AScottishHitman: why
(65:49 / All) BearLand: because
(65:50 / All) BearLand: you a noob
(65:55 / All) Blu-Shwade-Shus: Gg lol
(65:56 / All) AScottishHitman: no you a noob
(66:16 / All) AScottishHitman: and i have more wood than you
(66:34 / All) xX_BeaR_FaN_Xx: sorry but 3inch wood is not more than me
(66:48 / All) AScottishHitman: red you dont exist
(67:01 / All) AScottishHitman: and you killed me, although now i know it was blue
(68:11 / Allies) xX_BeaR_FaN_Xx: but at least your mine got developed
(68:18 / All) AScottishHitman: it did
(68:20 / All) AScottishHitman: 3 times
(68:52 / All) 647-869-9830: HEY PURP
(68:54 / Allies) xX_BeaR_FaN_Xx: call me
(68:55 / All) 647-869-9830: u a girl?
(69:09 / All) AScottishHitman: purple aint listening
(69:09 / Allies) xX_BeaR_FaN_Xx: I describe my 8 comp set up for u
(69:18 / All) AScottishHitman: plz dont
(69:23 / Allies) xX_BeaR_FaN_Xx: I got lucky with 4 in this game :)
(70:07 / All) AScottishHitman: wow gyros really do wsuck
(70:16 / Allies) xX_BeaR_FaN_Xx: much like your mother
(70:23 / All) AScottishHitman: red you arent real
(70:30 / Allies) xX_BeaR_FaN_Xx: much like your mother
(70:38 / All) AScottishHitman: exactly
(71:10 / All) 647-869-9830: HEY purp
(71:11 / All) 647-869-9830: u a girL?
(71:19 / All) Rebeka: yup\
(71:22 / All) 647-869-9830: from?
(71:54 / All) 647-869-9830: where you from?
(72:02 / All) Rebeka: us
(72:08 / All) 647-869-9830: damn too bad
(72:30 / All) AScottishHitman: hmmm
(72:33 / All) AScottishHitman: hahaha
(72:48 / All) AScottishHitman: peace blue, have fun with your life
(72:51 / All) 647-869-9830: LEAVE
(72:59 / All) AScottishHitman: y'know what
(73:08 / All) AScottishHitman: im just gonna stay to piss u off a lil more
(76:19 / Allies) xX_BeaR_FaN_Xx: goodbye wisp
(76:29 / Allies) xX_BeaR_FaN_Xx: orange you gonna be real bored
(76:36 / All) AScottishHitman: i got a book to read
(76:40 / All) AScottishHitman: :)
(76:45 / Allies) xX_BeaR_FaN_Xx: is it about skills
(76:48 / All) AScottishHitman: and its a good long one
(77:01 / All) AScottishHitman: weeeeeeeeeeeeeee
(77:08 / All) AScottishHitman: i killed myself:)
(77:13 / All) AScottishHitman: teeheee
(77:25 / All) AScottishHitman: GIVE ME WOOD
(77:47 / Allies) xX_BeaR_FaN_Xx: i'll put my wood in your bum
(77:59 / All) AScottishHitman: that means you are a faggot
(78:03 / All) AScottishHitman: faggot
(78:08 / All) 647-869-9830: call me any time
(78:12 / All) 647-869-9830: my real account.,....BEAR_AND